Map: Vigía EE

Players

TATORREA

  • Race: Protoss Protoss
  • League: Gold
  • Spawn Location: 9:00

tigro

  • Race: Terran Terran
  • League: Bronze
  • Spawn Location: 9:00

MrFercho

  • Race: Zerg Zerg
  • League: Gold
  • Spawn Location: 12:00

MrMango

  • Race: Terran Terran
  • League: Silver
  • Spawn Location: 5:00

yeyo

  • Race: Terran Terran
  • League: Platinum
  • Spawn Location: 5:00

David

  • Race: Terran Terran
  • Spawn Location: 6:00

VOD

Have the link to the VOD?

Description

Time

  • Played on: Aug. 14, 2020, 10:32 p.m.
  • Length: 19:32
Show
View Real Time Build Order
Export as new Build Order

TATORREA Protoss 

Build Orders:  

Get SALT Encoding   

  12  0:05  Probe  
  13  0:17  Probe  
  14  0:25  Pylon  
  14  0:29  Probe  
  15  0:43  Probe  
  16  0:50  Gateway  
  16  0:55  Probe  
  17  0:58  Gateway  
  17  1:07  Probe  
  17  1:08  Assimilator  
  18  1:19  Probe  
  19  1:32  Probe  
  20  1:38  Cybernetics Core  
  20  1:44  Probe  
  21  1:50  Assimilator  
  21  1:55  Pylon  
  21  1:56  Probe  
  21  1:58  Pylon  
  22  2:18  Stalker  
  22  2:20  Warp Gate  
  24  2:26  Probe  
  25  2:44  Stalker  
  25  2:47  Stalker  
  29  3:04  Probe  
  30  3:25  Nexus  
  30  3:27  Pylon  
  30  3:28  Pylon  
  30  3:37  Gateway  
  30  3:38  Gateway  
  30  3:40  Twilight Council  
  30  4:13  Robotics Facility  
  30  4:14  Robotics Facility, Blink (Chrono Boost)  
  30  4:21  Stalker  
  30  4:23  Stalker  
  34  4:30  Probe (Chrono Boost)  
  36  4:41  Probe (Chrono Boost)  
  36  4:43  Probe (Chrono Boost)  
  37  4:46  Probe (Chrono Boost)  
  37  4:47  Stalker  
  37  4:50  Probe  
  41  4:57  Probe  
  42  5:02  Probe  
  42  5:03  Stargate  
  43  5:09  Probe  
  43  5:12  Assimilator  
  44  5:14  Probe, Assimilator  
  46  5:21  Probe  
  46  5:26  Probe  
  47  5:33  Probe  
  48  5:38  Probe  
  49  5:45  Probe  
  49  5:47  Phoenix (Chrono Boost)  
  52  5:50  Probe  
  53  5:57  Probe  
  53  6:03  Probe  
  55  6:05  Phoenix (Chrono Boost)  
  55  6:09  Probe  
  58  6:15  Probe  
  58  6:18  Charge  
  59  6:21  Probe  
  59  6:24  Phoenix (Chrono Boost)  
  62  6:42  Phoenix  
  64  6:58  Zealot x3  
  70  7:26  Nexus  
  70  7:28  Pylon  
  70  7:31  Pylon  
  70  7:35  Pylon  
  70  7:38  Pylon, Gateway  
  70  7:40  Gateway  
  70  7:45  Phoenix  
  70  7:46  Probe, Forge  
  70  7:47  Forge  
  70  7:49  Forge  
  70  7:50  Probe  
  74  7:53  Gateway  
  74  7:54  Gateway  
  74  7:55  Pylon  
  74  7:58  Probe, Pylon  
  75  8:02  Probe, Pylon  
  75  8:05  Pylon  
  70  8:14  Cybernetics Core  
  70  8:17  Zealot x2  
  70  8:18  Zealot x2  
  56  8:35  Stalker  
  58  8:41  Zealot x2  
  58  8:42  Zealot x2  
  48  8:56  Zealot x2  
  48  9:01  Probe x3  
  51  9:10  Zealot x3  
  51  9:11  Zealot x3  
  51  9:12  Assimilator  
  51  9:13  Probe x3  
  51  9:16  Assimilator  
  54  9:33  Probe  
  55  9:44  Gateway  
  55  9:46  Gateway  
  55  9:48  Immortal  
  55  9:49  Gateway  
  55  9:51  Gateway  
  55  9:52  Immortal  
  63  9:53  Gateway  
  63  9:55  Zealot  
  63  9:56  Zealot  
  63  9:57  Zealot  
  63  9:59  Zealot  
  71  10:02  Zealot  
  69  10:17  Zealot x3  
  69  10:20  Zealot  
  77  10:23  Zealot  
  59  10:43  Zealot  
  59  10:44  Zealot  
  59  10:45  Zealot x2  
  59  10:46  Zealot x2  
  59  10:47  Zealot  
  69  11:02  Stalker  
  69  11:03  Stalker x2  
  69  11:04  Stalker  
  63  11:05  Stalker  
  53  11:19  Probe x3  
  53  11:23  Zealot  
  53  11:24  Zealot x2  
  53  11:25  Zealot x2  
  56  11:31  Probe x2  
  56  11:32  Probe  
  52  11:43  Probe  
  52  11:44  Probe x2  
  53  11:54  Zealot  
  51  11:55  Probe, Zealot x3  
  51  11:56  Probe x2  
  51  11:57  Zealot  
  61  12:07  Probe  
  34  12:38  Zealot  
  34  12:40  Zealot x2  
  34  12:41  Zealot x4  
  34  12:44  Zealot x2  
  52  13:03  Zealot x3  
  52  13:04  Zealot x3  
  52  13:05  Zealot x2  
  68  13:07  Zealot  
  70  13:24  Zealot  
  70  13:25  Zealot x2  
  70  13:26  Zealot  
  78  13:28  Zealot  
  78  13:32  Zealot  
  38  14:03  Stalker x3  
  38  14:04  Stalker x3  
  48  14:14  Probe  
  49  14:26  Stalker x3  
  55  14:56  Probe  
  55  14:58  Probe  
  57  15:04  Nexus  
  57  15:08  Probe  
  57  15:09  Pylon  
  57  15:10  Probe  
  57  15:11  Pylon  
  59  15:20  Probe  
  60  15:23  Probe  
  61  15:32  Probe  
  61  15:35  Probe  
  63  15:44  Probe  
  63  15:47  Probe  
  65  15:53  Pylon  
  65  15:56  Probe, Assimilator  
  66  15:59  Probe  
  66  16:01  Assimilator  
  53  16:30  Probe x2  
  49  16:42  Probe x2, Stalker x3  
  49  16:43  Stalker x4  
  49  16:44  Stalker x2  
  69  17:02  Nexus  
  69  17:25  Stalker  
  69  17:26  Stalker x2  
  69  17:27  Stalker, Pylon  
  69  17:28  Pylon  
  77  17:31  Pylon, Zealot  
  77  17:32  Zealot  
  77  17:35  Zealot  
  83  17:38  Zealot  
  85  17:55  Probe x3  
  88  17:59  Assimilator x2  
  88  18:07  Probe x3  
  91  18:13  Stalker x2  
  91  18:14  Stalker x2  
  61  18:47  Zealot x2  
  61  18:48  Zealot x5  
  67  18:51  Probe x4  
  75  19:03  Probe x2  
  77  19:18  Zealot  
  77  19:19  Zealot x3  
  85  19:32  Zealot x3  
Show
View Real Time Build Order
Export as new Build Order

tigro Terran 

Build Orders:  

Get SALT Encoding   

  12  0:14  SCV  
  13  0:24  Supply Depot  
  13  0:26  SCV  
  14  0:38  SCV  
  15  0:50  Barracks  
  15  0:56  SCV  
  16  1:07  Refinery  
  16  1:08  SCV  
  17  1:20  SCV  
  18  1:30  Supply Depot  
  18  1:32  SCV  
  19  1:37  Marine  
  20  1:44  SCV  
  20  1:45  Refinery  
  21  1:55  Marine  
  22  2:12  Marine  
  23  2:28  Factory  
  23  2:30  Marine  
  24  2:48  Marine  
  24  3:04  SCV  
  25  3:16  SCV  
  25  3:17  Engineering Bay  
  26  3:28  SCV  
  27  3:40  SCV  
  28  3:43  Barracks Tech Lab  
  28  3:46  Factory Tech Lab  
  28  3:51  Command Center  
  28  4:00  Orbital Command  
  28  4:03  Combat Shield, Starport  
  28  4:06  Marine  
  29  4:24  Marine  
  29  4:30  Siege Tank  
  33  4:41  Marine  
  33  4:42  Medivac  
  36  4:59  Marine  
  37  5:01  Refinery  
  37  5:06  Missile Turret, Refinery  
  37  5:17  Marine  
  38  5:22  Stimpack  
  38  5:28  Starport Tech Lab  
  38  5:30  Missile Turret  
  38  5:31  Terran Infantry Weapons Level 1  
  38  5:34  SCV  
  38  5:35  Marine  
  40  5:46  SCV  
  41  5:53  Marine  
  42  5:58  SCV  
  42  6:00  Siege Tank  
  46  6:07  Missile Turret  
  46  6:10  SCV, Marine  
  48  6:22  SCV  
  49  6:25  Barracks  
  49  6:28  Missile Turret  
  49  6:34  SCV  
  50  6:46  SCV  
  51  6:58  SCV  
  52  7:10  SCV  
  52  7:15  Armory  
  53  7:20  Barracks Reactor  
  53  7:23  SCV  
  53  7:25  Terran Infantry Armor Level 1  
  54  7:35  SCV  
  55  7:46  Missile Turret  
  55  7:47  SCV  
  56  7:59  SCV  
  56  8:03  Fusion Core  
  57  8:07  Missile Turret  
  44  8:24  Marine x3  
  45  8:30  Missile Turret  
  42  8:42  Marine x3, Thor  
  51  8:53  Missile Turret  
  51  8:59  Marine  
  51  9:00  Marine x2  
  54  9:17  Marine  
  54  9:18  Medivac, Marine x2  
  54  9:19  Neosteel Armor  
  57  9:25  Thor  
  57  9:29  Missile Turret  
  59  9:35  Marine  
  60  9:44  Weapon Refit  
  57  9:48  Medivac  
  57  9:52  Planetary Fortress, Missile Turret  
  59  9:53  Supply Depot  
  58  10:17  Supply Depot  
  47  10:38  Marine x3  
  50  10:43  Thor  
  48  10:56  Marine x3  
  51  10:58  Supply Depot  
  51  10:59  Hi-Sec Auto Tracking  
  51  11:14  Marine x3  
  51  11:24  Rapid Reignition System  
  51  11:26  Thor  
  51  11:31  Terran Vehicle Weapons Level 1, Marine x3  
  57  11:49  Marine x3  
  60  11:56  Terran Infantry Weapons Level 2  
  58  12:07  Marine x3  
  52  12:09  Thor  
  56  12:25  Marine x3  
  49  12:43  Marine  
  49  12:49  Marine x2  
  45  12:52  Thor  
  47  13:00  Marine  
  37  13:07  Marine x2  
  39  13:18  Marine  
  33  13:24  Marine  
  33  13:25  Marine  
  33  13:34  Thor  
  33  13:36  Marine  
  40  13:42  Marine x2  
  42  13:54  Marine  
  35  14:00  Marine x2  
  36  14:12  Marine  
  37  14:17  Siege Tank  
  37  14:18  Marine x2  
  37  14:21  Medivac  
  44  14:28  Command Center  
  44  14:29  Marine  
  45  14:36  Marine x2  
  47  14:38  Refinery  
  47  14:47  Marine  
  47  14:49  Refinery, Thor  
  47  14:51  Terran Vehicle And Ship Armor Level 1  
  54  14:53  Marine  
  55  15:19  Medivac, Marine x3  
  60  15:37  Marine x2  
  60  15:39  Thor  
  48  16:32  Marine x3  
  34  16:50  Marine x3  
  36  17:08  Marine x3  
  36  17:25  Marine  
  36  17:26  Marine x2  
  39  17:34  Battlecruiser  
  45  17:43  Marine  
  45  17:44  Marine x2  
  48  18:01  Marine x3  
  48  18:02  Orbital Command  
  51  18:19  Marine  
  27  19:01  Marine  
  27  19:02  Marine x2  
  25  19:07  SCV  
  26  19:19  SCV  
Show
View Real Time Build Order
Export as new Build Order

MrFercho Zerg 

Build Orders: Hatch First, Brood Lord Corruptor, Lurkers, Muta Ling Bane 

Get SALT Encoding   

  12  0:00  Drone  
  13  0:22  Overlord  
  13  0:24  Drone  
  14  0:40  Drone x2  
  16  0:57  Hatchery  
  15  1:03  Drone x2  
  17  1:06  Drone  
  18  1:20  Spawning Pool  
  18  1:22  Extractor  
  18  1:23  Drone  
  17  1:27  Drone  
  18  1:37  Drone  
  19  1:52  Drone  
  20  2:00  Overlord  
  20  2:15  Queen x2  
  20  2:17  Zergling x4  
  26  2:26  Drone x2  
  28  2:30  Overlord  
  28  2:54  Drone x4  
  32  3:02  Drone  
  32  3:03  Queen  
  32  3:05  Metabolic Boost  
  35  3:06  Lair  
  35  3:08  Drone x2  
  37  3:14  Drone  
  37  3:17  Drone  
  39  3:26  Drone  
  40  3:33  Roach Warren  
  39  3:42  Drone x5, Baneling Nest  
  39  3:44  Extractor  
  39  3:45  Extractor  
  39  3:47  Queen  
  43  3:52  Drone  
  43  3:53  Overlord  
  43  3:54  Overlord  
  43  4:29  Zergling x10  
  43  4:30  Zergling x6  
  51  4:32  Drone  
  52  4:57  Pneumatized Carapace  
  52  5:07  Drone  
  52  5:08  Centrifical Hooks, Drone x5, Glial Reconstitution  
  58  5:38  Hydralisk Den  
  57  5:52  Hatchery  
  57  5:56  Hatchery  
  55  6:01  Drone x4  
  55  6:03  Overlord x4  
  55  6:04  Overlord  
  59  6:12  Overseer  
  59  6:18  Spore Crawler  
  59  6:22  Spore Crawler  
  59  6:23  Muscular Augments  
  59  6:24  Drone x3  
  59  6:25  Drone  
  61  6:35  Hydralisk x6  
  61  6:36  Hydralisk x3  
  79  7:10  Zergling x2  
  79  7:11  Zergling x14  
  79  7:14  Baneling x13  
  79  7:15  Baneling  
  87  7:29  Drone x4  
  95  7:30  Drone x6  
  95  7:32  Extractor  
  95  7:34  Grooved Spines, Extractor  
  95  7:41  Lurker Den  
  94  7:49  Infestation Pit  
  78  8:11  Extractor  
  57  8:19  Spire  
  56  8:28  Drone x12  
  68  8:55  Hive  
  68  9:05  Zergling x24  
  80  9:16  Hydralisk x4  
  85  9:32  Baneling x5  
  85  9:33  Baneling x6  
  85  9:40  Zerg Flyer Weapons Level 1  
  85  9:41  Mutalisk x3  
  85  9:42  Mutalisk x2  
  95  10:06  Hatchery  
  90  10:08  Extractor  
  90  10:09  Extractor  
  86  10:14  Lurker x2  
  86  10:15  Lurker x2  
  68  11:07  Drone x3  
  68  11:08  Drone x3  
  74  11:18  Corruptor  
  74  11:19  Corruptor x11  
  98  11:36  Greater Spire  
  98  11:40  Hydralisk x2  
  98  11:44  Overlord x2  
  98  11:45  Overlord x4  
  98  11:46  Overlord  
  99  12:10  Hydralisk x4  
  99  12:11  Hydralisk x11  
  99  12:14  Zergling x2  
  99  12:15  Zergling x12  
  136  12:35  Lurker x2  
  138  12:37  Lurker x4  
  138  12:40  Seismic Spines  
  126  13:03  Brood Lord x2  
  126  13:04  Brood Lord x10  
  148  13:06  Hydralisk x5  
  158  13:25  Zergling x4  
  158  13:26  Zergling x2  
  158  13:37  Adaptive Talons  
  143  13:43  Zergling x28  
  143  13:44  Zergling x6  
  153  14:03  Evolution Chamber  
  153  14:06  Evolution Chamber  
  147  14:11  Hydralisk x8  
  143  14:32  Overlord x2  
  143  14:33  Overlord x6  
  143  14:34  Overlord x2  
  143  14:45  Hydralisk  
  141  15:11  Zerg Missile Weapons Level 1, Zerg Ground Armor Level 1  
  126  15:29  Hydralisk x7  
  126  15:30  Hydralisk x8  
  148  15:44  Hydralisk x6  
  152  15:53  Queen  
  132  16:12  Corruptor x8  
  112  16:39  Zergling x24  
  109  16:40  Zergling x4  
  97  17:13  Hatchery  
  94  17:19  Brood Lord x6  
  106  17:25  Hydralisk x2  
  106  17:26  Hydralisk  
  100  17:32  Hydralisk  
  100  17:33  Hydralisk  
  102  17:51  Hydralisk x5  
  68  18:32  Zergling x32  
  62  18:59  Baneling  
  62  19:00  Baneling x12  
Show
View Real Time Build Order
Export as new Build Order

MrMango Terran 

Build Orders: Reaper Expand 

Get SALT Encoding   

  12  0:01  SCV  
  13  0:20  Supply Depot  
  13  0:23  SCV  
  14  0:37  SCV  
  15  0:44  Barracks  
  15  0:49  SCV, Refinery  
  16  1:01  SCV  
  17  1:13  SCV  
  18  1:25  SCV  
  19  1:40  Reaper  
  20  1:49  Orbital Command  
  20  2:05  Command Center  
  20  2:12  Marine  
  21  2:22  Factory  
  20  2:59  SCV  
  21  3:11  SCV  
  21  3:12  Barracks Tech Lab  
  22  3:17  Starport  
  22  3:20  Factory Tech Lab  
  22  3:23  SCV  
  22  3:24  Refinery  
  22  3:26  SCV  
  24  3:32  Supply Depot  
  24  3:35  SCV  
  24  3:38  SCV  
  26  3:47  SCV  
  27  3:50  SCV  
  28  4:00  SCV  
  28  4:01  Marauder  
  31  4:03  SCV  
  31  4:09  Siege Tank  
  35  4:12  SCV  
  35  4:14  Starport Tech Lab  
  35  4:15  SCV  
  37  4:17  Barracks  
  37  4:24  SCV  
  38  4:27  SCV  
  39  4:36  SCV  
  40  4:39  SCV  
  41  4:48  SCV  
  41  4:51  SCV  
  43  4:53  Engineering Bay  
  43  4:55  Combat Shield  
  43  4:59  Marauder  
  45  5:00  SCV  
  45  5:03  SCV  
  46  5:10  Supply Depot  
  46  5:18  Refinery  
  46  5:30  Orbital Command  
  46  5:35  Supply Depot  
  46  5:43  Command Center  
  46  5:47  Missile Turret  
  46  6:00  Barracks  
  46  6:02  Barracks Reactor  
  46  6:05  Marauder  
  46  6:09  Siege Tank  
  46  6:10  Missile Turret  
  51  6:14  Stimpack  
  51  6:16  Supply Depot  
  51  6:26  Marauder  
  53  6:40  Supply Depot  
  53  6:42  Missile Turret  
  53  6:44  SCV  
  54  6:47  Marauder  
  54  6:52  Refinery  
  56  6:56  SCV  
  56  6:59  SCV  
  58  7:04  Missile Turret  
  58  7:05  Barracks Reactor  
  58  7:08  SCV  
  59  7:09  Marauder  
  59  7:11  SCV  
  59  7:13  Armory  
  62  7:20  SCV  
  63  7:23  SCV, Supply Depot  
  64  7:30  Marauder  
  64  7:32  SCV  
  64  7:33  SCV  
  64  7:35  SCV  
  69  7:44  SCV  
  69  7:45  SCV, Supply Depot  
  69  7:48  SCV  
  72  7:53  Concussive Shells  
  72  7:56  SCV  
  64  8:09  Supply Depot  
  64  8:26  Factory  
  64  8:28  SCV  
  65  8:34  Terran Vehicle Weapons Level 1, Missile Turret  
  65  8:37  Terran Infantry Weapons Level 1  
  65  8:39  Thor  
  65  8:40  SCV  
  72  8:47  Refinery  
  72  8:53  SCV  
  70  9:00  Marauder  
  72  9:05  SCV  
  72  9:06  Marine x2  
  75  9:10  Marine x2  
  77  9:17  SCV  
  77  9:22  Marauder  
  77  9:24  Marine x2  
  80  9:28  Marine x2  
  81  9:41  Marine  
  81  9:42  Marine  
  81  9:43  Marauder  
  81  9:45  Marine, Factory Tech Lab  
  85  9:46  Marine  
  85  9:50  Liberator  
  90  9:56  Starport  
  90  9:59  Marine x2  
  91  10:03  Marine x2  
  91  10:05  Marauder  
  96  10:17  Marine x2  
  96  10:18  Siege Tank  
  101  10:21  Marine x2  
  101  10:24  Supply Depot  
  101  10:26  Marauder  
  105  10:28  Terran Vehicle And Ship Armor Level 1  
  105  10:29  SCV  
  105  10:31  Terran Infantry Armor Level 1  
  105  10:35  Marine x2  
  107  10:38  Refinery  
  107  10:39  Marine x2  
  107  10:41  SCV  
  111  10:46  Supply Depot  
  111  10:47  Marauder  
  113  10:50  Siege Tank  
  113  10:53  Marine x2  
  113  10:57  Marine x2  
  102  11:09  Supply Depot, Marauder  
  96  11:32  Supply Depot  
  96  11:37  Marauder  
  96  11:39  Marine x2  
  94  11:41  Marine  
  94  11:42  Marine  
  94  11:48  Starport Reactor  
  94  11:53  Thor  
  100  11:57  Marine x2  
  100  11:58  Marauder  
  100  11:59  Marine x2  
  106  12:01  Factory  
  106  12:14  Marine x2  
  108  12:16  Supply Depot  
  108  12:17  Marine x2  
  108  12:20  Marauder, Siege Tank  
  108  12:22  Terran Vehicle Weapons Level 2  
  115  12:25  Terran Infantry Weapons Level 2  
  115  12:32  Marine x2  
  115  12:35  Marine x2  
  115  12:36  Thor  
  125  12:39  Supply Depot  
  125  12:41  Marauder  
  112  12:52  Siege Tank  
  115  13:02  Marauder  
  117  13:06  Factory Tech Lab  
  117  13:18  Marine x3  
  117  13:19  Marine, Thor  
  127  13:24  Marauder, Siege Tank  
  127  13:26  Medivac x2  
  136  13:32  Supply Depot  
  136  13:36  Marine x4  
  136  13:39  SCV  
  141  13:45  Marauder  
  143  13:51  SCV  
  143  13:53  Marine  
  143  13:54  Marine x3  
  143  13:55  Supply Depot  
  148  13:56  Medivac x2, Siege Tank  
  148  14:01  Thor  
  158  14:07  Marauder  
  160  14:11  Marine  
  160  14:12  Marine x2  
  159  14:18  Supply Depot  
  151  14:26  Medivac x2  
  151  14:28  Marauder, Siege Tank  
  120  14:44  Thor  
  114  14:56  Medivac x2  
  118  15:00  Thor x2  
  130  15:27  Thor  
  130  15:38  Command Center  
  108  15:43  Thor x2  
  108  15:50  Refinery  
  108  15:55  Marauder  
  105  16:00  Marine x2  
  105  16:02  Marine  
  105  16:03  Marine  
  107  16:10  Thor  
  113  16:17  Marauder  
  113  16:18  Marine x2  
  117  16:19  Refinery  
  117  16:20  Marine x2  
  117  16:26  Thor  
  122  16:35  Marine  
  122  16:36  Marine  
  122  16:38  Marauder, Marine x2  
  120  16:49  Medivac x2  
  120  16:53  Marine x2, Thor  
  132  16:56  Marine x2  
  132  17:00  Marauder  
  131  17:19  Medivac x2  
  131  17:21  Marauder  
  137  17:35  Thor  
  143  17:43  Marauder  
  145  17:47  Marine x4  
  145  17:49  Medivac x2  
  153  18:03  Refinery  
  153  18:04  Marauder, Marine  
  153  18:05  Marine x3  
  158  18:07  Orbital Command  
  158  18:19  Medivac x2  
  159  18:22  Marine x2  
  159  18:23  Marine x2  
  159  18:26  Marauder  
  158  18:40  Marine x3  
  158  18:41  Marine  
  161  18:47  Marauder  
  163  18:49  Medivac x2  
  167  19:07  Marine x2  
  167  19:08  Marauder  
  167  19:09  Marine  
  171  19:10  Marine  
  164  19:28  Refinery  
Show
View Real Time Build Order
Export as new Build Order

yeyo Terran 

Build Orders: Mech 

Get SALT Encoding   

  12  0:01  SCV  
  13  0:13  SCV  
  14  0:20  Supply Depot  
  14  0:25  Refinery  
  15  0:28  SCV  
  15  0:42  SCV  
  16  0:51  Barracks  
  16  0:55  SCV  
  17  1:07  SCV  
  18  1:21  SCV  
  19  1:33  SCV  
  19  1:38  Barracks Reactor  
  20  1:46  Command Center  
  20  1:51  Orbital Command  
  20  2:17  Marine x2  
  22  2:27  Factory  
  22  2:28  SCV  
  23  2:44  Supply Depot  
  23  2:47  Refinery  
  23  2:56  Barracks  
  23  2:58  SCV, Marine x2  
  26  2:59  Engineering Bay  
  26  3:07  Supply Depot  
  26  3:10  SCV  
  26  3:12  Factory Tech Lab  
  27  3:20  Marine  
  27  3:21  Marine  
  27  3:22  SCV  
  30  3:32  Missile Turret  
  29  3:34  Supply Depot  
  29  3:41  Siege Tank  
  32  3:44  SCV  
  32  3:48  Barracks Tech Lab  
  33  3:56  SCV  
  34  4:03  Orbital Command  
  34  4:08  SCV  
  34  4:09  Stimpack  
  35  4:21  SCV, Missile Turret  
  36  4:33  SCV, Siege Tank  
  36  4:38  Sensor Tower  
  40  4:45  SCV  
  41  4:51  Missile Turret  
  41  5:01  Starport  
  41  5:05  Marine x2, Siege Tank  
  46  5:08  SCV x2  
  48  5:20  SCV x2  
  50  5:25  Barracks  
  50  5:33  SCV  
  51  5:39  Supply Depot  
  51  5:40  Starport Reactor  
  51  5:49  Siege Tank  
  54  5:51  Combat Shield  
  54  5:52  Starport Reactor, Marine x2  
  57  5:57  SCV x2  
  58  6:05  Refinery  
  58  6:06  Refinery  
  58  6:09  SCV x2  
  58  6:11  Marine x2  
  62  6:21  SCV  
  62  6:24  Siege Tank  
  66  6:31  Medivac  
  68  6:33  SCV  
  68  6:37  Barracks Reactor  
  69  6:40  Marine  
  69  6:41  Barracks  
  69  6:45  Supply Depot  
  70  7:00  Supply Depot  
  70  7:06  SCV x2, Marine  
  73  7:16  Bunker  
  73  7:18  SCV x2  
  73  7:20  Siege Tank  
  78  7:23  Supply Depot  
  78  7:30  SCV  
  78  7:34  Factory  
  79  7:37  Factory  
  79  7:43  SCV  
  80  7:46  Barracks Reactor  
  80  7:52  Siege Tank  
  80  7:54  Bunker  
  80  7:55  SCV  
  79  8:20  Marine x2  
  79  8:24  Siege Tank  
  84  8:38  Marine x2  
  84  8:41  Factory Tech Lab  
  77  8:56  Siege Tank  
  80  9:03  Marine x2  
  82  9:12  Command Center  
  82  9:20  Siege Tank x2  
  82  9:21  Marine x2  
  90  9:28  Siege Tank  
  90  9:29  Supply Depot  
  93  9:32  Supply Depot  
  93  9:36  Barracks Reactor  
  93  9:39  Marine  
  94  9:50  Marine x2  
  94  9:51  Marine x3  
  94  9:52  Siege Tank  
  102  9:54  Siege Tank  
  102  9:55  Supply Depot  
  102  9:57  Marine  
  106  10:00  Siege Tank  
  104  10:08  Marine x5  
  98  10:14  Marine  
  99  10:24  Medivac, Siege Tank  
  99  10:25  Marine x2  
  99  10:26  Marine x5, Siege Tank  
  114  10:32  Marine  
  114  10:33  Siege Tank  
  107  10:42  Marine  
  107  10:43  Marine  
  107  10:44  Marine x5  
  114  10:50  Medivac, Marine  
  114  10:56  Terran Infantry Armor Level 1, Siege Tank  
  114  10:59  Engineering Bay  
  114  11:00  Marine  
  114  11:01  Marine  
  114  11:02  Marine x5  
  121  11:08  Marine  
  122  11:11  Medivac  
  122  11:14  Planetary Fortress  
  122  11:17  SCV  
  125  11:18  SCV  
  125  11:20  Medivac  
  128  11:29  SCV  
  129  11:41  SCV  
  129  11:42  SCV  
  131  11:53  SCV  
  131  11:54  SCV  
  130  12:05  SCV  
  130  12:06  SCV  
  128  12:17  SCV, Marine x4  
  133  12:24  Supply Depot  
  133  12:26  Terran Infantry Weapons Level 1  
  133  12:29  Armory  
  133  12:41  Supply Depot  
  133  12:46  SCV, Marine x4, Siege Tank  
  133  12:50  Supply Depot, Marine  
  141  12:51  Marine x2  
  141  12:52  Marine  
  141  12:57  SCV, Siege Tank  
  141  12:59  Siege Tank  
  141  13:03  Marine x4  
  143  13:08  Marine  
  143  13:09  Marine x3  
  147  13:21  Marine x4, Siege Tank  
  147  13:26  Marine  
  155  13:27  Marine x2  
  157  13:39  Marine  
  157  13:40  Marine x2, Siege Tank x2  
  157  13:41  Marine x2  
  157  13:44  Marine  
  157  13:45  Marine x2  
  137  13:53  Siege Tank  
  120  13:57  Marine  
  120  13:58  Marine x2  
  120  13:59  Marine x2  
  120  14:02  Viking, Marine x3  
  126  14:03  Viking  
  132  14:10  SCV  
  132  14:12  Refinery, Siege Tank  
  132  14:13  Refinery  
  132  14:15  Marine x2  
  132  14:16  Supply Depot, Marine  
  139  14:17  Marine x2  
  139  14:20  Marine x3  
  139  14:22  SCV  
  145  14:33  Supply Depot, Marine x2  
  145  14:34  Marine  
  145  14:35  Marine x2  
  145  14:37  Marine  
  145  14:38  Marine x2  
  151  14:41  Starport  
  151  14:42  Supply Depot  
  148  14:50  Viking  
  148  14:51  Marine x2  
  148  14:52  Marine  
  153  14:53  Marine x2  
  153  14:55  Marine  
  153  14:56  Marine x2  
  158  15:09  Marine x2  
  158  15:10  Marine x3  
  158  15:13  Marine  
  158  15:14  Marine x2  
  165  15:26  Marine  
  165  15:27  Marine x2  
  156  15:28  Marine  
  140  15:38  Viking x2  
  115  15:57  Marine x4  
  115  16:02  Marine x4  
  112  16:04  Siege Tank  
  112  16:08  Viking x2  
  106  16:11  SCV  
  106  16:15  Marine x4  
  105  16:20  Marine x2  
  105  16:23  SCV  
  87  16:38  Viking  
  86  16:42  Marine x6  
  86  16:43  Marine x2  
  91  17:12  Marine x2  
  91  17:13  Marine x6  
  99  17:30  Marine x3  
  99  17:31  Marine x5  
  107  17:48  Marine x5  
  107  17:49  Marine  
  113  18:09  Marine x5  
  113  18:10  Marine x2  
  120  18:25  Marine  
  113  18:27  Marine x6  
  113  18:28  Marine  
  116  18:43  Marine  
  116  18:44  Viking x2  
  116  18:45  Marine x7  
  125  19:01  Marine  
  125  19:02  Marine x2  
  126  19:03  Marine x5  
  137  19:23  Starport Reactor  
  136  19:32  Supply Depot  
Show
View Real Time Build Order
Export as new Build Order

David Terran 

Build Orders:  

Get SALT Encoding   

  12  0:05  SCV  
  13  0:29  Supply Depot  
  13  0:39  SCV  
  14  0:51  SCV  
  15  1:05  Refinery  
  15  1:15  Barracks  
  15  1:43  SCV  
  16  1:55  SCV  
  17  2:05  Barracks  
  17  2:13  Marine  
  18  2:21  Orbital Command  
  18  2:31  Marine  
  19  2:47  Supply Depot  
  19  2:49  Marine  
  20  2:58  Barracks Reactor  
  20  3:07  Marine  
  20  3:10  Supply Depot  
  21  3:19  SCV  
  22  3:25  Marine  
  23  3:31  SCV  
  24  3:44  SCV  
  25  3:48  Marine  
  25  3:49  Marine  
  25  3:51  Command Center, Barracks Tech Lab  
  27  4:03  Refinery  
  27  4:06  Marine x2  
  29  4:14  SCV  
  30  4:24  Marine  
  30  4:25  Stimpack  
  30  4:27  SCV  
  30  4:29  Marine x2  
  34  4:42  Marine  
  35  4:46  Marine  
  36  5:07  Engineering Bay  
  36  5:17  SCV, Refinery  
  37  5:22  SCV  
  38  5:29  SCV  
  38  5:34  SCV  
  40  5:41  SCV  
  41  5:44  Barracks  
  41  6:09  Terran Infantry Weapons Level 1  
  41  6:19  Marauder  
  43  6:32  Barracks  
  43  6:41  Marauder  
  43  6:45  Refinery  
  43  6:46  Orbital Command  
  44  6:59  Barracks Reactor  
  41  7:02  Marauder  
  43  7:14  Factory  
  43  7:24  Marauder  
  45  7:35  Marine x4  
  49  7:45  SCV, Marauder  
  52  7:57  SCV  
  53  7:59  Factory  
  53  8:04  Terran Infantry Armor Level 1  
  48  8:06  Barracks Reactor, Marauder  
  48  8:09  SCV  
  48  8:11  Marine x3  
  45  8:21  SCV  
  46  8:33  SCV  
  47  8:44  Marine x5  
  47  8:45  Marine x2  
  54  9:06  Factory Tech Lab  
  54  9:12  Factory Tech Lab  
  54  9:21  Supply Depot  
  54  9:42  Marine x2, Siege Tank x2  
  54  9:43  Supply Depot  
  62  10:04  Marine x6  
  62  10:05  Marine  
  62  10:07  Supply Depot  
  69  10:13  Starport  
  65  10:14  Siege Tank x2  
  65  10:22  Marine  
  65  10:25  Marine x2  
  65  10:26  Marine x2  
  70  10:29  Supply Depot, Marauder  
  66  10:47  Siege Tank x2  
  68  10:50  Marauder, Starport  
  68  10:53  Supply Depot  
  68  11:15  Supply Depot  
  68  11:19  Cyclone, Siege Tank  
  68  11:20  Command Center  
  74  11:25  Starport Tech Lab  
  74  11:26  Armory  
  74  11:30  Starport Tech Lab  
  74  11:42  Supply Depot  
  74  11:51  Cyclone, Siege Tank  
  80  12:04  Supply Depot  
  67  12:37  Medivac x2  
  67  12:39  Marine x4  
  67  12:40  Marine  
  67  12:41  Marauder  
  71  13:02  Marauder  
  71  13:04  SCV  
  74  13:07  Medivac, Banshee  
  79  13:16  SCV  
  80  13:24  Marauder  
  82  13:28  SCV  
  83  13:37  Banshee  
  83  13:39  Terran Infantry Weapons Level 2  
  74  13:45  Marauder, Thor  
  76  13:49  Marine x2  
  76  13:50  Banshee, Marine  
  65  14:19  Banshee  
  68  14:25  SCV  
  68  14:28  Siege Tank  
  72  14:33  Medivac  
  72  14:37  SCV  
  75  14:49  SCV  
  75  14:50  Refinery  
  76  15:01  SCV  
  76  15:02  Medivac  
  76  15:03  Viking  
  81  15:11  Refinery  
  81  15:15  SCV  
  81  15:16  Marine x4  
  81  15:17  Marine  
  81  15:18  Marauder  
  89  15:27  SCV  
  90  15:32  Viking  
  90  15:33  Viking  
  94  15:39  Marauder  
  94  15:42  Marine x2  
  98  15:55  Terran Infantry Armor Level 2  
  93  15:58  Marine x4  
  93  15:59  Marine  
  93  16:00  Marauder, Marine  
  93  16:02  Viking  
  93  16:03  Medivac  
  86  16:16  Marine x4  
  86  16:17  Marine  
  86  16:18  Marine  
  88  16:21  Marine  
  89  16:32  Viking x2  
  83  16:33  Marine  
  88  16:48  Siege Tank x2  
  88  16:53  Marine x2  
  88  16:54  Marine  
  97  16:58  SCV  
  98  17:02  Viking  
  100  17:10  SCV  
  101  17:18  SCV  
  102  17:30  SCV  
  103  17:42  SCV  
  104  18:05  Command Center  
  104  18:13  Marine x3  
  104  18:15  Marauder, Marine  
  110  18:36  Marauder  
  112  18:48  Marine x4  
  113  18:51  Marine  
  113  18:54  Marine  
  118  18:57  Marine  
  119  19:06  Marine  
  120  19:12  Marine x2  
Tags
 
Add a new tag
Caveats
  • Supply blocks, unpowered buildings, or Contaminate may cause inaccurate times.
  • Supply counts are checked every 10 seconds.